Map: [ESL] Alcyone

Players

Epic

  • Race: Terran Terran
  • Spawn Location: 1:00

SpeCial - Winner!

  • Race: Terran Terran
  • Spawn Location: 7:00

Event: ESL SC2 Masters 2024 Spring (Regional)

VOD

Have the link to the VOD?

Description

Time

  • Played on: April 12, 2024, 4:20 p.m.
  • Length: 28:54

All games in this series

Show
View Real Time Build Order
Export as new Build Order

Epic Terran 

Build Orders: Cyclone Opening 

Get SALT Encoding   

  12  0:00  SCV  
  13  0:12  SCV  
  14  0:16  Supply Depot  
  14  0:24  SCV  
  15  0:38  SCV  
  15  0:40  Barracks  
  15  0:42  Refinery  
  16  0:50  SCV  
  16  0:52  Refinery  
  17  1:02  SCV  
  18  1:14  SCV  
  19  1:27  Supply Depot, Orbital Command, Reaper  
  20  1:41  Factory  
  20  1:53  SCV  
  21  1:59  Reaper  
  22  2:05  SCV  
  23  2:21  SCV  
  24  2:27  Cyclone  
  24  2:29  Command Center  
  26  2:32  Barracks Reactor  
  26  2:36  SCV  
  26  2:39  Supply Depot  
  26  2:48  SCV  
  27  2:52  Starport  
  27  3:00  SCV, Factory Tech Lab  
  28  3:08  Marine x2  
  30  3:13  SCV  
  30  3:14  Refinery  
  31  3:20  Siege Tank  
  31  3:25  SCV  
  35  3:27  Marine  
  35  3:28  Marine  
  37  3:37  SCV  
  37  3:41  Medivac  
  40  3:42  Orbital Command  
  40  3:47  Marine  
  41  3:50  SCV  
  41  3:58  Siege Tank  
  44  4:08  SCV x2  
  46  4:11  Marine x2  
  48  4:18  Medivac  
  48  4:22  SCV x2  
  48  4:24  Supply Depot  
  52  4:33  Siege Tank  
  54  4:45  SCV x2, Marine x2  
  58  4:49  Medivac  
  60  4:54  Supply Depot  
  60  4:55  Supply Depot  
  60  4:57  SCV x2  
  61  5:03  Marine  
  62  5:15  Marine  
  62  5:16  SCV x2, Siege Tank  
  62  5:19  Starport Tech Lab, Supply Depot  
  66  5:21  Marine  
  66  5:28  SCV  
  68  5:30  SCV  
  68  5:34  Command Center  
  69  5:37  Raven  
  69  5:38  Interference Matrix  
  69  5:40  SCV  
  69  5:41  Marine x2  
  74  5:44  SCV  
  74  5:48  Siege Tank, Supply Depot  
  78  5:53  SCV  
  78  5:54  Barracks  
  79  5:57  SCV  
  80  6:05  SCV  
  80  6:09  Marine x2  
  66  6:12  SCV  
  66  6:14  Raven  
  66  6:15  Engineering Bay  
  66  6:16  Engineering Bay  
  66  6:17  SCV  
  68  6:20  Siege Tank  
  68  6:24  SCV  
  68  6:25  Barracks  
  72  6:27  Refinery  
  72  6:29  SCV  
  73  6:33  Barracks  
  73  6:34  Marine  
  73  6:35  Barracks, Marine  
  73  6:36  SCV  
  76  6:41  SCV  
  76  6:42  Terran Infantry Weapons Level 1  
  77  6:47  Terran Infantry Armor Level 1  
  77  6:50  Orbital Command  
  77  6:52  SCV  
  77  6:53  SCV  
  79  6:57  Siege Tank  
  79  6:58  Starport Reactor  
  82  7:04  Marine x3  
  85  7:09  SCV x2  
  85  7:12  Stimpack  
  85  7:13  Barracks Reactor, Supply Depot  
  87  7:18  SCV  
  87  7:21  SCV x2  
  87  7:26  Barracks Reactor x2, Marine x3  
  87  7:30  SCV  
  87  7:33  SCV  
  87  7:34  Siege Tank  
  89  7:42  SCV x2  
  91  7:44  Marine x3  
  91  7:46  SCV  
  91  7:47  Medivac  
  97  7:53  Medivac  
  97  7:54  SCV x2  
  97  7:56  Supply Depot  
  97  7:57  Marine x2  
  97  7:58  SCV  
  101  8:02  Marine x3  
  101  8:03  Marine x3  
  101  8:04  Marine  
  103  8:08  Siege Tank  
  106  8:15  Supply Depot x2, Marine x2  
  108  8:20  Marine x3  
  108  8:21  Marine x2  
  108  8:23  Medivac  
  108  8:24  Medivac  
  117  8:29  Marine x2  
  117  8:30  Orbital Command  
  117  8:32  Marine  
  117  8:33  Marine  
  121  8:37  Armory, Marine  
  121  8:38  Marine x2  
  121  8:39  Marine  
  125  8:43  Siege Tank  
  125  8:45  Supply Depot  
  125  8:46  Supply Depot  
  128  8:52  Combat Shield  
  128  8:57  SCV  
  128  8:58  SCV x2  
  128  9:01  Marine  
  128  9:02  Marine x4  
  136  9:03  Marine  
  135  9:10  Viking  
  137  9:19  Marine  
  137  9:20  Marine x3  
  137  9:23  SCV x3  
  142  9:25  Refinery  
  142  9:26  Refinery  
  139  9:31  Medivac  
  141  9:39  Supply Depot  
  141  9:40  Viking  
  141  9:41  SCV x3  
  141  9:42  Siege Tank  
  149  9:48  Supply Depot x2  
  149  9:51  Marine  
  149  9:52  Marine x7  
  157  9:57  Terran Infantry Weapons Level 2  
  157  10:00  Marine  
  157  10:02  Terran Infantry Armor Level 2  
  157  10:07  Supply Depot  
  157  10:08  Medivac  
  157  10:09  Supply Depot  
  159  10:16  Marine x4  
  159  10:20  Marine x2  
  151  10:34  Siege Tank  
  153  10:36  Terran Vehicle Weapons Level 1  
  153  10:38  Missile Turret x2  
  153  10:40  Command Center  
  153  10:43  Marine x6  
  153  10:44  Marine x3  
  153  10:47  Medivac x2  
  164  10:55  Factory  
  164  11:01  Marine x5  
  164  11:02  Marine x4  
  173  11:09  Siege Tank  
  175  11:17  Medivac x2  
  179  11:18  Marine  
  179  11:19  Marine x2  
  179  11:20  Barracks  
  179  11:22  Barracks x2  
  171  11:31  Marine  
  144  11:33  Marine x5  
  144  11:36  Marine x3  
  145  11:41  Siege Tank  
  145  11:45  Factory Tech Lab  
  147  11:47  Medivac x2  
  147  11:48  SCV x3  
  154  12:03  SCV x3  
  148  12:11  Marine x9  
  148  12:12  Siege Tank  
  151  12:21  SCV  
  151  12:22  SCV x2  
  152  12:29  Marine x3  
  154  12:33  Planetary Fortress  
  154  12:35  Marine  
  154  12:36  Barracks Reactor, Marine x4  
  159  12:38  Barracks Reactor  
  159  12:41  SCV x2  
  159  12:43  SCV  
  162  12:45  Barracks  
  162  12:54  Siege Tank x2  
  148  13:06  Marine x8  
  148  13:10  SCV x3  
  156  13:16  Marine x4  
  148  13:24  Marine x3  
  146  13:29  Marine  
  146  13:30  Marine x4  
  146  13:32  Terran Infantry Weapons Level 3, Terran Infantry Armor Level 3  
  146  13:33  SCV x2  
  146  13:34  Marine x4  
  140  13:37  SCV x2  
  140  13:40  Siege Tank  
  137  13:45  Siege Tank  
  139  13:50  Marine  
  139  13:51  Marine x5  
  139  13:52  Marine  
  139  13:53  Marine x2  
  140  13:56  Marine  
  140  13:57  Medivac x2  
  140  14:01  SCV x4  
  149  14:04  Barracks Reactor  
  149  14:09  Marine  
  149  14:10  Marine x5  
  155  14:17  Siege Tank  
  155  14:18  Siege Tank  
  155  14:20  Marine x6  
  155  14:24  Sensor Tower  
  167  14:28  Liberator  
  167  14:29  Liberator  
  173  14:36  Command Center  
  173  14:49  Siege Tank  
  167  14:53  Marine x14  
  181  15:06  Siege Tank  
  183  15:17  Command Center  
  181  15:21  Siege Tank  
  181  15:24  Marine  
  181  15:25  Marine x13  
  190  15:37  Medivac x2  
  190  15:40  Starport  
  190  15:41  Starport  
  190  15:42  Marine  
  194  15:49  SCV  
  198  15:50  SCV x3  
  198  15:51  Planetary Fortress  
  198  15:55  Unknown  
  196  15:58  Marine x4  
  172  16:20  Missile Turret  
  172  16:22  Missile Turret  
  172  16:25  Marine x13  
  167  16:31  Starport Reactor  
  167  16:32  Starport Reactor  
  179  16:34  Starport  
  179  16:35  SCV, Planetary Fortress, Starport  
  179  16:37  SCV, Fusion Core  
  179  16:39  SCV x2  
  180  16:51  SCV x4  
  184  16:55  Viking x2  
  188  17:07  Siege Tank  
  182  17:25  SCV x2  
  182  17:26  SCV x3  
  187  17:30  Marine  
  187  17:31  Marine x10  
  187  17:35  Siege Tank  
  184  17:46  Advanced Ballistics  
  145  17:59  SCV x4  
  145  18:05  Marine x10  
  143  18:06  Starport Reactor, Marine x4  
  143  18:07  Starport Reactor, Viking x3  
  163  18:13  SCV x5  
  163  18:17  Viking  
  158  18:21  Siege Tank  
  158  18:23  Marine x9  
  158  18:24  Marine  
  146  18:40  SCV x4  
  131  18:43  Liberator x2  
  137  18:51  Marine x10  
  147  18:57  SCV x3  
  147  19:00  Viking x2  
  148  19:07  Viking  
  148  19:09  Marine x3  
  141  19:14  Viking  
  141  19:16  Marine x5  
  137  19:26  Siege Tank  
  137  19:27  Marine x3  
  137  19:29  Refinery x2  
  143  19:34  Marine x5  
  148  19:44  Marine  
  148  19:45  Marine x2  
  150  19:52  Liberator x2  
  149  20:01  Marine x5  
  149  20:02  Marine x3  
  157  20:12  Siege Tank x2  
  163  20:17  Refinery, Command Center  
  163  20:18  Refinery  
  163  20:21  Marine x8  
  161  20:26  Viking x2  
  171  20:31  Missile Turret  
  171  20:36  Viking  
  171  20:37  Viking  
  171  20:38  Marine  
  176  20:43  Viking  
  171  21:04  Viking x3  
  171  21:05  Viking  
  179  21:16  Medivac  
  168  21:19  Marine x8  
  166  21:27  Siege Tank  
  166  21:30  Orbital Command  
  168  21:33  Orbital Command  
  168  21:37  Marine  
  168  21:38  Command Center  
  156  21:41  Liberator x2  
  156  21:44  SCV x3  
  159  21:48  Liberator  
  162  21:56  Liberator  
  162  22:00  Marine x7  
  172  22:02  Marine  
  171  22:16  Liberator x2  
  171  22:20  Refinery  
  177  22:26  Marine x6  
  177  22:27  Marine x2  
  167  22:32  Siege Tank  
  154  22:44  Marine x7  
  158  22:54  Medivac x5  
  166  22:59  Marine  
  166  23:02  Marine x7  
  166  23:05  Planetary Fortress  
  173  23:07  Refinery  
  173  23:08  Refinery  
  173  23:17  Marine  
  173  23:19  Siege Tank x2  
  167  23:20  Marine x6  
  161  23:35  Command Center, Marine x2  
  161  23:37  Marine  
  161  23:38  Marine  
  161  23:40  Missile Turret  
  165  23:42  Marine x3  
  165  23:43  Marine  
  168  23:51  Siege Tank  
  142  24:05  SCV x2  
  142  24:06  SCV, Marine x6  
  142  24:07  Marine x2  
  140  24:16  Siege Tank  
  138  24:23  Siege Tank  
  139  24:24  Marine x2  
  139  24:28  Marine  
  139  24:29  Marine x2  
  127  24:33  Viking x4  
  125  24:48  Siege Tank, Orbital Command  
  125  24:51  Marine x2  
  125  24:52  Marine x2  
  121  24:53  Marine  
  121  24:57  Liberator  
  117  25:00  SCV  
  117  25:02  SCV  
  117  25:04  SCV  
  120  25:13  Liberator  
  120  25:19  Liberator  
  122  25:23  Marine x2  
  122  25:26  Marine x2  
  118  25:30  Marine x2  
  114  25:37  Liberator  
  112  25:54  Liberator x2  
  113  26:04  SCV x4  
  113  26:14  Marine x6  
  97  26:38  Siege Tank x2  
  103  26:42  Marine x4  
  104  26:48  Marine x2  
  104  26:52  SCV  
  107  27:00  Orbital Command  
  103  27:01  Viking  
  105  27:13  Marine x5  
  105  27:14  Marine  
  105  27:25  Siege Tank  
  100  27:37  Siege Tank  
  103  27:38  Liberator  
  98  27:59  Medivac x2  
  98  28:00  Medivac  
  103  28:15  Siege Tank x2  
  100  28:22  Marine x3  
  99  28:28  Marine x2  
Show
View Real Time Build Order
Export as new Build Order

SpeCial Terran - Winner!

Build Orders: Cyclone Opening 

Get SALT Encoding   

  12  0:00  SCV  
  13  0:12  SCV  
  14  0:17  Supply Depot  
  14  0:24  SCV  
  15  0:38  SCV  
  15  0:41  Barracks  
  16  0:42  Refinery  
  16  0:51  SCV  
  16  0:52  Refinery  
  17  1:03  SCV  
  18  1:15  SCV  
  19  1:28  Orbital Command, Reaper  
  20  1:33  Supply Depot  
  20  1:42  Factory  
  20  1:54  SCV  
  20  2:00  Reaper  
  22  2:06  SCV  
  23  2:19  SCV  
  23  2:28  Cyclone  
  25  2:35  SCV  
  25  2:36  Command Center  
  26  2:40  Barracks Reactor  
  26  2:45  Starport  
  26  2:48  SCV  
  27  2:53  Supply Depot  
  27  3:00  SCV  
  27  3:01  Factory Tech Lab  
  28  3:12  SCV  
  29  3:16  Marine x2  
  31  3:29  Raven  
  31  3:31  Widow Mine, Refinery  
  31  3:32  SCV  
  31  3:34  Marine x2  
  38  3:53  Factory Tech Lab  
  38  3:57  SCV  
  38  3:58  Command Center  
  38  4:02  Orbital Command  
  39  4:07  Raven  
  39  4:09  SCV  
  40  4:18  Siege Tank  
  40  4:22  Marine  
  40  4:23  Marine  
  45  4:26  Interference Matrix  
  45  4:29  SCV  
  45  4:30  SCV  
  47  4:39  Marine  
  47  4:40  Marine  
  47  4:43  Raven  
  51  4:46  SCV x2  
  53  4:58  SCV  
  54  5:03  SCV  
  54  5:04  Supply Depot  
  53  5:09  Marine  
  53  5:10  SCV, Marine  
  53  5:14  Siege Tank  
  59  5:15  SCV  
  59  5:16  Orbital Command  
  56  5:23  Raven  
  56  5:24  SCV  
  56  5:27  SCV, Marine x2  
  62  5:36  SCV  
  62  5:39  SCV  
  64  5:44  SCV  
  64  5:45  Marine x2  
  64  5:46  Siege Tank  
  64  5:48  SCV  
  71  5:52  SCV  
  72  5:59  Raven  
  72  6:00  SCV  
  72  6:03  Marine x2  
  77  6:05  SCV  
  74  6:11  Orbital Command  
  74  6:13  SCV  
  74  6:16  Supply Depot  
  74  6:17  Supply Depot  
  74  6:20  Siege Tank, Marine  
  74  6:21  SCV, Barracks, Marine  
  74  6:22  Barracks  
  74  6:24  Refinery  
  74  6:25  SCV  
  81  6:27  Supply Depot  
  81  6:33  SCV  
  81  6:37  SCV  
  83  6:42  SCV  
  83  6:45  SCV, Engineering Bay  
  85  6:47  Engineering Bay  
  85  6:48  Liberator  
  85  6:49  SCV, Liberator  
  92  6:55  SCV  
  92  6:57  SCV  
  92  6:59  Marine  
  92  7:00  Supply Depot  
  95  7:01  SCV  
  95  7:07  SCV  
  97  7:09  SCV  
  97  7:13  SCV  
  99  7:17  Marine  
  99  7:19  SCV  
  99  7:21  Stimpack, SCV, Barracks Reactor x2  
  101  7:26  SCV  
  99  7:31  SCV  
  99  7:33  SCV  
  99  7:35  Marine  
  102  7:38  SCV  
  102  7:43  SCV  
  104  7:45  SCV, Terran Infantry Weapons Level 1, Terran Infantry Armor Level 1  
  104  7:46  Barracks x2  
  104  7:50  SCV  
  101  7:53  Marine  
  101  7:55  SCV  
  101  7:57  SCV  
  104  8:01  Marine  
  104  8:02  SCV  
  101  8:06  Supply Depot, Refinery x2, Marine x3  
  101  8:07  SCV, Siege Tank  
  101  8:10  SCV, Marine  
  110  8:14  SCV  
  110  8:16  Command Center  
  110  8:19  Marine  
  112  8:20  Medivac x2  
  112  8:24  Marine  
  117  8:28  Marine x3  
  117  8:30  Supply Depot x2  
  120  8:37  Marine  
  123  8:41  Marine  
  123  8:42  SCV  
  123  8:45  Armory  
  123  8:47  SCV x2  
  127  8:49  Sensor Tower  
  127  8:53  Barracks Reactor  
  127  8:55  Barracks Reactor  
  125  8:56  Medivac x2, Missile Turret, Marine x2  
  125  8:59  Marine x2  
  125  9:02  SCV x2, Supply Depot  
  135  9:03  Combat Shield  
  135  9:08  Factory  
  135  9:09  Marine  
  136  9:11  Supply Depot  
  136  9:12  Supply Depot  
  136  9:13  Marine  
  136  9:14  Marine  
  136  9:17  Marine  
  138  9:18  Marine  
  138  9:21  SCV x2  
  138  9:22  SCV  
  143  9:27  Marine  
  141  9:31  Marine x2  
  141  9:34  Marine  
  141  9:36  Marine  
  141  9:37  SCV x2  
  141  9:38  SCV  
  148  9:39  Terran Infantry Weapons Level 2, Terran Infantry Armor Level 2  
  148  9:40  Siege Tank, Terran Vehicle Weapons Level 1  
  148  9:42  Marine x3  
  148  9:43  Marine  
  148  9:45  Marine  
  153  9:49  Marine x2  
  153  9:52  Marine  
  155  9:54  Marine  
  155  9:57  Missile Turret  
  155  9:58  Medivac x2  
  161  10:00  Marine x3  
  161  10:01  Factory Tech Lab  
  161  10:02  Marine  
  161  10:03  Marine  
  166  10:07  Marine x2  
  166  10:10  Marine  
  166  10:12  Marine  
  170  10:17  Marine  
  170  10:18  Marine x2  
  170  10:20  Marine  
  168  10:26  Marine x2  
  168  10:28  Medivac  
  157  10:30  Siege Tank x2, Marine  
  157  10:32  Marine x2  
  160  10:35  Marine x3  
  160  10:36  SCV x3, Planetary Fortress  
  160  10:38  Marine  
  167  10:42  Medivac  
  167  10:44  Marine x2  
  167  10:48  Marine  
  167  10:49  Marine  
  171  10:50  Marine  
  171  10:53  Marine x3  
  171  10:56  Marine  
  176  10:57  Medivac, Refinery  
  176  10:58  Refinery  
  176  10:59  Command Center  
  176  11:02  Siege Tank, Marine x2  
  176  11:03  Siege Tank  
  184  11:06  Marine  
  184  11:07  Marine  
  184  11:08  Marine  
  184  11:11  Marine x3  
  182  11:12  Missile Turret  
  182  11:13  Marine  
  186  11:20  Marine x2  
  186  11:22  Sensor Tower  
  186  11:24  Marine  
  186  11:25  Marine x2  
  179  11:31  Marine x2  
  169  11:33  Viking x2  
  169  11:34  Siege Tank, Marine  
  169  11:35  Siege Tank  
  169  11:39  Marine x2  
  179  11:43  Marine  
  177  11:52  Command Center  
  164  12:17  Terran Infantry Weapons Level 3  
  147  12:24  Marine x5  
  147  12:25  Marine x4  
  147  12:28  Siege Tank  
  139  12:36  Siege Tank  
  140  12:39  Supply Depot  
  140  12:40  Supply Depot  
  140  12:41  Marine  
  140  12:42  Supply Depot  
  141  12:50  Missile Turret  
  141  12:53  Supply Depot  
  141  12:56  Marine x6, Viking  
  149  13:00  Marine x3, Viking  
  149  13:01  Siege Tank  
  147  13:08  Siege Tank  
  137  13:14  Marine x6  
  137  13:18  Marine x2  
  146  13:22  Marine  
  146  13:26  Medivac  
  145  13:30  Medivac  
  145  13:31  Marine x5  
  145  13:33  Siege Tank  
  135  13:36  Marine x2  
  135  13:40  Siege Tank, Marine  
  121  13:49  Marine x3  
  121  13:53  Marine x2  
  128  13:56  Medivac  
  128  13:57  Orbital Command  
  128  14:00  Medivac  
  133  14:03  Barracks Reactor  
  133  14:04  Barracks Reactor  
  133  14:05  Siege Tank, Terran Infantry Armor Level 3  
  133  14:07  Marine x3  
  136  14:11  Marine x2  
  136  14:12  Siege Tank  
  141  14:21  Sensor Tower  
  141  14:25  Marine x3  
  141  14:29  Marine x2  
  146  14:34  Medivac x2  
  146  14:36  Orbital Command  
  146  14:37  Siege Tank  
  151  14:42  Marine x2  
  151  14:43  Marine x3  
  155  14:45  Marine  
  155  14:47  Marine x2  
  158  14:58  Supply Depot, Marine  
  158  15:00  Marine x5  
  158  15:02  Siege Tank  
  158  15:03  Marine  
  158  15:05  Marine x2  
  166  15:13  Viking x2  
  170  15:16  Marine  
  170  15:18  Marine x5  
  176  15:21  Marine  
  176  15:25  Siege Tank  
  176  15:26  Sensor Tower, Marine x2  
  182  15:34  Marine  
  180  15:35  Marine  
  180  15:36  Marine x2  
  183  15:43  Marine x2, Viking x2  
  183  15:46  Siege Tank  
  183  15:48  Marine  
  190  15:54  Marine x6  
  196  15:58  Command Center, Missile Turret  
  196  16:03  Marine  
  188  16:04  Marine  
  189  16:13  Medivac x2  
  189  16:14  Siege Tank  
  194  16:25  Siege Tank  
  191  16:26  Marine  
  191  16:27  Marine  
  191  16:28  Marine  
  184  16:33  Marine x3  
  184  16:34  Marine  
  184  16:38  Marine x2  
  189  16:43  Liberator x2  
  189  16:44  Marine  
  196  16:48  Supply Depot  
  196  17:03  Siege Tank x2, Marine x4  
  196  17:04  Barracks  
  196  17:05  Barracks  
  196  17:10  Marine x4  
  198  17:17  Marine  
  198  17:20  Marine  
  196  17:35  Marine x2  
  196  17:36  Medivac  
  200  17:40  Marine  
  198  17:54  Marine x2  
  198  17:55  Marine x3  
  198  17:56  Marine  
  187  17:59  Marine  
  185  18:12  Command Center  
  175  18:28  Supply Depot  
  175  18:29  Supply Depot  
  175  18:30  Supply Depot  
  174  18:38  Marine x3  
  174  18:39  Medivac x2, Barracks Reactor  
  174  18:40  Siege Tank  
  163  18:41  Siege Tank  
  165  18:55  Marine  
  165  18:56  Marine x2  
  165  19:00  Barracks Reactor  
  168  19:07  Marine  
  168  19:09  Medivac x2  
  159  19:12  Siege Tank  
  159  19:13  Siege Tank, Marine x2  
  159  19:14  SCV x2, Marine  
  165  19:21  Marine  
  165  19:24  Marine  
  166  19:25  Marine  
  168  19:31  Marine x3  
  171  19:39  Marine  
  171  19:41  Marine x3  
  171  19:42  Marine  
  171  19:44  Siege Tank  
  179  19:45  Siege Tank  
  179  19:48  Viking x2  
  179  19:49  Marine x3  
  177  19:56  Orbital Command  
  177  19:57  Marine  
  177  19:58  Planetary Fortress  
  168  20:03  Marine  
  168  20:04  Marine x3  
  172  20:12  Marine  
  167  20:16  Siege Tank  
  167  20:17  Missile Turret, Marine x3  
  173  20:25  Marine x3  
  176  20:36  Marine  
  176  20:37  Marine x3  
  176  20:39  Marine  
  181  20:48  Marine  
  182  20:50  Marine  
  167  20:57  Siege Tank  
  167  21:01  Marine x2  
  162  21:04  Marine x3  
  152  21:11  Siege Tank  
  152  21:12  Marine x2  
  152  21:15  Medivac x2  
  152  21:18  Marine  
  151  21:21  Marine x2  
  151  21:22  Marine  
  151  21:24  Marine  
  155  21:29  Siege Tank, Marine  
  155  21:30  Marine x2  
  161  21:36  Marine  
  161  21:37  Missile Turret  
  161  21:39  Marine x2  
  164  21:40  Marine  
  164  21:41  Marine  
  164  21:44  Siege Tank  
  164  21:45  Medivac  
  164  21:46  Marine  
  169  21:48  Marine x2  
  169  21:53  Marine  
  173  21:57  Marine x3  
  173  21:59  Marine  
  175  22:01  Siege Tank  
  175  22:04  Marine  
  175  22:06  Marine x2  
  175  22:08  Refinery x2  
  181  22:09  Missile Turret  
  181  22:11  Marine  
  181  22:15  Marine x3  
  170  22:16  Siege Tank  
  170  22:17  Marine  
  176  22:23  Marine  
  176  22:24  Marine  
  176  22:29  Marine  
  175  22:32  Barracks Reactor  
  175  22:33  Marine x3  
  175  22:35  Marine  
  178  22:39  Siege Tank, Barracks  
  178  22:41  Marine x2  
  178  22:43  Barracks  
  180  22:47  Marine  
  180  22:49  Liberator  
  180  22:50  Marine  
  180  22:51  Marine x2  
  180  22:59  Marine x3  
  180  23:03  Siege Tank  
  180  23:05  Marine  
  187  23:08  Marine x2  
  187  23:09  Marine  
  187  23:10  Marine  
  191  23:16  Medivac, Marine  
  191  23:18  Marine  
  170  23:20  Marine x2  
  170  23:23  Marine  
  170  23:26  Command Center, Marine x2  
  170  23:27  Marine  
  166  23:28  Supply Depot, Marine  
  166  23:32  Medivac  
  160  23:34  Marine  
  160  23:36  Marine  
  160  23:38  Marine x2  
  160  23:40  Marine  
  165  23:41  Marine  
  165  23:43  Siege Tank  
  165  23:44  Marine x2  
  165  23:45  Marine  
  165  23:46  Medivac, Marine  
  175  23:52  Marine  
  175  23:56  Marine x2  
  175  23:57  Siege Tank  
  175  23:59  Marine  
  175  24:02  Medivac, Marine x3  
  155  24:04  Marine  
  154  24:15  Siege Tank, Marine x2  
  154  24:16  Medivac, Marine  
  154  24:17  Marine x3  
  162  24:20  Marine x3  
  162  24:22  Marine  
  158  24:32  Medivac  
  158  24:33  Marine x3  
  158  24:34  Marine x2  
  158  24:35  Marine  
  161  24:40  Marine  
  161  24:41  Marine  
  161  24:42  Marine x2  
  161  24:46  Medivac  
  161  24:49  Siege Tank  
  161  24:51  Marine  
  161  24:59  Marine x3  
  153  25:02  Medivac  
  151  25:08  Marine x6  
  151  25:09  Marine  
  151  25:12  Siege Tank  
  158  25:16  Medivac, Marine  
  158  25:17  Marine x2  
  160  25:24  Starport  
  160  25:26  Marine x3  
  156  25:29  Siege Tank  
  156  25:30  Marine  
  160  25:36  Marine x6  
  166  25:43  Marine  
  166  25:44  Marine  
  166  25:45  Marine x2  
  166  25:46  Siege Tank  
  166  25:48  Marine  
  172  25:50  Medivac x2  
  172  25:53  Marine  
  172  25:54  Marine x5  
  169  26:01  Siege Tank, Marine x2  
  169  26:03  Marine  
  174  26:06  Marine  
  174  26:09  Barracks Reactor  
  170  26:11  Refinery  
  170  26:13  SCV x4, Orbital Command  
  170  26:17  Marine x2  
  167  26:18  Siege Tank  
  167  26:19  Liberator  
  167  26:20  Marine x2  
  167  26:22  Marine  
  167  26:24  Marine x2  
  173  26:27  Marine  
  173  26:28  Marine x2  
  162  26:34  Siege Tank, Marine  
  162  26:35  Marine  
  162  26:38  Marine x2  
  169  26:40  Marine  
  169  26:41  Marine  
  169  26:42  Marine  
  169  26:45  Marine  
  169  26:46  Marine x2  
  171  26:48  SCV x2  
  171  26:50  Siege Tank  
  171  26:53  Marine x4  
  180  27:01  Command Center  
  180  27:05  Marine x3  
  180  27:06  Siege Tank, Marine  
  184  27:12  Marine x2  
  184  27:13  Marine  
  184  27:21  Marine  
  184  27:22  Siege Tank, Marine x2  
  173  27:30  SCV x4, Unknown, Marine  
  173  27:34  Marine  
  173  27:35  Marine x3  
  182  27:38  Siege Tank, Marine x2  
  187  27:48  Marine x3  
  190  27:52  Marine  
  190  27:54  Siege Tank  
  190  27:57  Marine x3  
  187  28:05  Marine  
  188  28:10  Siege Tank  
  188  28:11  Marine x2  
  193  28:15  Marine x2  
  197  28:20  Marine  
  197  28:21  Marine  
  197  28:26  Marine  
  195  28:32  Marine  
  190  28:36  Marine  
Tags
 
Add a new tag
Caveats
  • Supply blocks, unpowered buildings, or Contaminate may cause inaccurate times.
  • Supply counts are checked every 10 seconds.